 Dungeon Crawl Stone Soup version 0.23-a0-386-g9c9d49f (webtiles) character file.

1319 Amnesiac the Archer (level 8, 0/70 HPs)
             Began as a Centaur Hunter on Oct 28, 2018.
             Was a Priest of Okawaru.
             Engulfed by a cloud of steam (6 damage)
             ... on level 6 of the Dungeon.
             The game lasted 00:12:48 (1999 turns).

Amnesiac the Archer (Centaur Hunter)                Turns: 1999, Time: 00:12:48

Health: 0/70       AC: 12    Str: 14    XL:     8   Next: 33%
Magic:  6/8        EV:  4    Int: 10    God:    Okawaru [***...]
Gold:   19         SH:  0    Dex: 13    Spells: 7/7 levels left

rFire    . . .     SeeInvis .   b - +0 short sword (drain)
rCold    . . .     Gourm    .   (no shield)
rNeg     . . .     Faith    .   m - +0 plate armour
rPois    .         Spirit   .   g - +1 helmet
rElec    .         Reflect  .   (no cloak)
rCorr    .         Harm     .   (no gloves)
MR       .....                  (no barding)
Stlth    ..........             e - amulet of regeneration
HPRegen  0.61/turn              (no ring)
MPRegen  0.11/turn              (no ring)

@: heroism, very quick
A: large, hooves 3, deformed body, speed 2, tough skin 3
a: Heroism, Renounce Religion


You were on level 6 of the Dungeon.
You worshipped Okawaru.
Okawaru was most pleased with you.
You were not hungry.

You visited 2 branches of the dungeon, and saw 8 of its levels.

You collected 67 gold pieces.
You spent 48 gold pieces at shops.

Inventory:

Hand Weapons
 a - a +2 shortbow
 b - a +0 short sword of draining (weapon)
Armour
 g - a +1 helmet (worn)
 m - a +0 plate armour (worn)
Jewellery
 e - an amulet of regeneration (around neck)
Wands
 i - a wand of clouds (6)
Scrolls
 j - 2 scrolls of amnesia {!r}
 k - a scroll of magic mapping {!r}
 l - a scroll of enchant armour {!r}
 n - a scroll of remove curse {!r}
Comestibles
 f - 3 rations
 h - 3 chunks of flesh


   Skills:
 + Level 6.1(11.1) Fighting
 * Level 11.8(16.8) Bows
 - Level 1.3(6.3) Dodging
 - Level 0.4(5.4) Stealth


You had 7 spell levels left.
You didn't know any spells.
Your spell library was empty.

Dungeon Overview and Level Annotations

Branches:
Dungeon (7/15)             Temple (1/1) D:4

Altars:
Cheibriados
Elyvilon
Gozag
Hepliaklqana
Kikubaaqudgha
Makhleb
Nemelex Xobeh
Okawaru
Ru
Trog
Uskayaw
Yredelemnul
Zin
The Shining One

Shops:
D:6 *

Annotations:
D:5 3 runed doors, Tenar's ghost, novice DEFE


Innate Abilities, Weirdness & Mutations

You have hooves in place of feet.
Armour fits poorly on your strangely shaped body.
You cover ground very quickly.
You have extremely tough skin. (AC +3)


Message History

The ball of steam hits you!
* * * LOW HITPOINT WARNING * * *
The ball of steam hits the bush.
The bush is engulfed in a cloud of scalding steam.
The steam dragon bites you but does no damage.
The steam dragon claws you but does no damage.
The bush is engulfed in a cloud of scalding steam. x2
The bush is engulfed in a cloud of scalding steam.
The bush is engulfed in a cloud of scalding steam. x2
There is a stone staircase leading up, spattered with blood here.
The steam dragon bites you but does no damage.
The steam dragon claws you but does no damage.
You climb upwards.
There is a stone staircase leading down, spattered with blood here.
The steam dragon breathes steam at you. The ball of steam hits you!
* * * LOW HITPOINT WARNING * * *
You hear an angry hiss.
You hit the steam dragon.
The steam dragon is heavily wounded.
You are engulfed in a cloud of scalding steam.
* * * LOW HITPOINT WARNING * * *
The steam dragon bites you but does no damage.
The steam dragon claws you but does no damage.
The steam dragon bites you but does no damage.
The steam dragon claws you but does no damage.
You hit the steam dragon.
The steam dragon is heavily wounded.
The steam dragon bites you.
* * * LOW HITPOINT WARNING * * *
The steam dragon claws you but does no damage.
You aren't carrying any potions.
Your plate armour prevents you from hitting the steam dragon.
The steam dragon is heavily wounded.
The steam dragon bites you but does no damage.
The steam dragon claws you.
* * * LOW HITPOINT WARNING * * *
You hit the steam dragon but do no damage.
The steam dragon is heavily wounded.
The steam dragon bites you but does no damage.
The steam dragon claws you but does no damage.
You hit the steam dragon but do no damage.
You drain the steam dragon! You kick the steam dragon.
The steam dragon is severely wounded.
The steam dragon bites you but does no damage.
The steam dragon claws you but does no damage.
You hit the steam dragon but do no damage.
You drain the steam dragon!
The steam dragon is severely wounded.
The steam dragon bites you but does no damage.
The steam dragon claws you but does no damage.
The steam dragon breathes steam at you. The ball of steam hits you!
* * * LOW HITPOINT WARNING * * *
An adder comes into view.
You gain the combat prowess of a mighty hero.
You barely miss the steam dragon. You kick the steam dragon!
The steam dragon is almost dead.
You hit the steam dragon.
You kill the steam dragon!
Okawaru accepts your kill.
Your base Fighting skill increases to level 6!
You are engulfed in a cloud of scalding steam.
You die...

.###....##..## #....###..#
..##.........#####..###
#..## ..##...........##...#
##...##
....#...............#
#.....####
####...##...........#
##........
#....#...........###........
#........................#
.#
##........[..§.........>#..#
#....#....>[@...S.........#
#.........§§.§.........#.##
#..........§..........##.#
####......§.§§..#.#..## #
.#####.#..#..§....._...#
..................#.#....
##..#.###.###.#.............
....# #.#...#............#
##..###.#[#.###...........#


You could see an adder.

Vanquished Creatures
  A steam dragon (D:6)
  2 orc warriors (D:6)
  2 black bears (D:6)
  A phantom (D:6)
  2 bullfrogs (D:6)
  2 scorpions
  3 crimson imps
  An orc priest (D:6)
  A hound (D:5)
  4 orc wizards
  2 bullfrog skeletons
  2 iguanas (D:6)
  A worker ant zombie (D:6)
  Robin (D:3)
  3 adders
  A shadow imp (D:5)
  An ooze (D:6)
  An adder zombie (D:6)
  2 dart slugs (D:3)
  2 leopard geckos
  15 orcs
  A giant cockroach (D:4)
  11 goblins
  A hobgoblin (D:3)
  7 jackals
  2 kobolds
  2 quokkas
  A frilled lizard (D:3)
  A quokka skeleton (D:5)
  A rat (D:2)
77 creatures vanquished.

Vanquished Creatures (others)
  An orc (D:7)
  A kobold (D:5)
  2 fungi (D:5)
4 creatures vanquished.

Grand Total: 81 creatures vanquished

Notes
Turn   | Place    | Note
-------+----------+-------------------------------------------
     0 | D:1      | Amnesiac the Centaur Hunter began the quest for the Orb.
     0 | D:1      | Reached XP level 1. HP: 17/17 MP: 1/1
    60 | D:2      | Reached XP level 2. HP: 9/24 MP: 2/2
   113 | D:2      | You fall through a shaft!
   144 | D:4      | Found a staircase to the Ecumenical Temple.
   155 | Temple   | Entered the Ecumenical Temple
   208 | Temple   | Became a worshipper of Warmaster Okawaru
   288 | D:3      | Reached skill level 6 in Bows
   313 | D:3      | Reached XP level 3. HP: 22/30 MP: 3/3
   375 | D:3      | Noticed Robin
   416 | D:3      | Found an ancient bone altar of Kikubaaqudgha.
   432 | D:3      | Killed Robin
   544 | D:4      | Noticed a scorpion
   550 | D:4      | Killed a scorpion
   550 | D:4      | Reached skill level 7 in Bows
   550 | D:4      | Reached XP level 4. HP: 38/38 MP: 4/4
   599 | D:5      | Entered Level 5 of the Dungeon
   629 | D:5      | Found a glowing golden altar of the Shining One.
   744 | D:5      | Reached * piety under Okawaru
   744 | D:5      | Reached XP level 5. HP: 43/45 MP: 5/5
   779 | D:6      | Reached skill level 8 in Bows
   909 | D:6      | Reached XP level 6. HP: 38/52 MP: 6/6
  1048 | D:6      | Noticed an orc warrior
  1051 | D:6      | Reached skill level 9 in Bows
  1081 | D:6      | Killed an orc warrior
  1237 | D:5      | Found a runed gate.
  1237 | D:5      | Noticed Tenar's ghost (novice DEFE)
  1238 | D:5      | Found a runed gate.
  1238 | D:5      | Found a runed gate.
  1297 | D:6      | Found Roczoiso's Assorted Antiques.
  1307 | D:6      | Bought a scroll labeled TACLEE OTAE for 24 gold pieces
  1307 | D:6      | Bought a scroll labeled TACLEE OTAE for 24 gold pieces
  1379 | D:7      | Noticed a steam dragon
  1384 | D:7      | Noticed an orc warrior
  1422 | D:6      | Found a glowing silver altar of Zin.
  1477 | D:6      | Reached ** piety under Okawaru
  1477 | D:6      | Reached XP level 7. HP: 42/60 MP: 7/7
  1535 | D:6      | HP: 3/60 [bullfrog (4)]
  1535 | D:6      | HP: 1/60 [bullfrog (2)]
  1540 | D:6      | Reached skill level 5 in Fighting
  1540 | D:6      | Reached skill level 10 in Bows
  1647 | D:7      | Found a bloodstained altar of Trog.
  1706 | D:6      | Reached skill level 11 in Bows
  1833 | D:6      | Reached *** piety under Okawaru
  1833 | D:6      | Reached XP level 8. HP: 48/70 MP: 8/8
  1999 | D:6      | Engulfed by a cloud of steam

Vault maps used:
D:1:      scummos_arrival_simple_crosswalls, minmay_hedge_maze
D:2:      serial_bayou_pond_c, uniq_jessica
D:3:      nicolae_overflow_crystal_walls, uniq_terence, uniq_sigmund, uniq_robin
D:4:      old_standard_altar, minmay_temple_entry_large_hall
D:5:      kennysheep_kobold_camp, gammafunk_ghost_nasty_kobolds, first_ration,
          nicolae_tso_swordbearing_angel, uniq_crazy_yiuf_cottage
D:6:      lemuel_crystal_altar, cheibrodos_ashenzari_chains, serial_shops,
          nicolae_shop_behind_doors, minmay_misc_feat_roman
D:7:      trog_ov_bears_minmay, basic_altar, serial_glass, glass_columns_a,
          glass_columns_b
Temple:   nicolae_temple_hex_pool

Skill      XL: |  1  2  3  4  5  6  7  8 |
---------------+-------------------------+-----
Bows           | 6 7 8 9 11 | 11.8
Fighting       | 3 4 5 6 |  6.1
Dodging        | |  1.3
Stealth        | |  0.4

Action                   |  1- 3 |  4- 6 |  7- 9 || total
-------------------------+-------+-------+-------++-------
Melee: Short sword       |     5 |   156 |   100 ||   261
       Kick              |     1 |    35 |    27 ||    63
 Fire: Shortbow          |    63 |    31 |    37 ||   131
Invok: Heroism           |       |     1 |     1 ||     2
  Use: Scroll            |       |     3 |     3 ||     6
       Potion            |       |     2 |     1 ||     3
  Eat: Chunk             |       |     1 |     2 ||     3
Armor: Leather armour    |    29 |    54 |    37 ||   120
       Skin              |       |       |     8 ||     8
       Plate armour      |       |       |    51 ||    51
Dodge: Dodged            |    42 |    75 |    41 ||   158

Table legend:
 A = Non-vault XP
 B = Vault XP
 C = Vault XP percentage of total XP
 D = Non-vault monster count
 E = Vault monster count
 F = Vault count percentage of total count
                 A         B        C        D         E       F
            +---------+---------+-------+---------+---------+-------
      Total |    1592 |     293 |  15.5 |      62 |      15 |  19.5
            +---------+---------+-------+---------+---------+-------
        D:1 |       8 |       0 |   0.0 |       4 |       0 |   0.0
        D:2 |       5 |       0 |   0.0 |       3 |       0 |   0.0
        D:3 |      40 |      38 |  48.7 |       7 |      12 |  63.2
        D:4 |      69 |       0 |   0.0 |       2 |       0 |   0.0
        D:5 |     109 |       1 |   0.9 |       9 |       1 |  10.0
        D:6 |    1186 |     254 |  17.6 |      29 |       2 |   6.5
        D:7 |     175 |       0 |   0.0 |       8 |       0 |   0.0
            +---------+---------+-------+---------+---------+-------
